 Dungeon Crawl Stone Soup version 0.29.1-15-g9cfb28693d (webtiles) character file.

Game seed: 5043563484439760536

5093 Descartes the Blocker (level 10, -3/67 (74) HPs)
             Began as a Formicid Fighter on Apr 9, 2023.
             Was an Initiate of Gozag.
             Slain by a large abomination (28 damage)
             ... on level 1 of the Abyss.
             The game lasted 00:14:31 (7383 turns).

Descartes the Blocker (Formicid Fighter)            Turns: 7383, Time: 00:14:32

HP:   -3/67 (74)    AC: 11    Str: 25    XL:     10   Next: 87%
MP:   17/17         EV:  8    Int:  8    God:    Gozag
Gold: 734           SH:  6    Dex: 13    Spells: 19/19 levels left

rFire   + . .      SeeInvis +   a - +0 war axe
rCold   . . .      Faith    .   c - +0 buckler
rNeg    + . .      Spirit   .   e - +0 chain mail
rPois   .          Reflect  .   (helmet unavailable)
rElec   .          Harm     .   (no cloak)
rCorr   .          Rampage  .   L - +2 pair of gloves
Will    +....                   z - +0 pair of boots
Stlth   ..........              p - amulet of regeneration
HPRegen 1.01/turn               m - ring of protection from fire
MPRegen 0.15/turn               f - ring of positive energy

@: drained
A: permanent stasis, dig shafts and tunnels, antennae 3, four strong arms,
[deformed body]
a: Dig, Shaft Self, Renounce Religion, Potion Petition, Call Merchant, Bribe
Branch


You were on level 1 of the Abyss.
You worshipped Gozag.
Gozag was pleased with you.
You visited 2 branches of the dungeon, and saw 9 of its levels.
You visited the Abyss 1 time.

You collected 975 gold pieces.
You paid 241 gold pieces to Gozag.

Inventory:

Hand Weapons
 a - a +0 war axe (weapon)
 B - a +0 spear of venom
Missiles
 q - 12 poisoned darts
 r - 2 atropa-tipped darts
 t - 3 javelins
 F - 4 silver javelins
 J - 3 boomerangs
 M - a throwing net
Armour
 c - a +0 buckler (worn)
 e - a +0 chain mail (worn)
 z - a +0 pair of boots (worn)
 D - a +0 pair of gloves
 L - a +2 pair of gloves (worn)
Jewellery
 f - a ring of positive energy (right hand)
 m - a ring of protection from fire (left hand)
 p - an amulet of regeneration (around neck)
 v - a ring of positive energy
 K - a ring of fire
Wands
 I - a wand of polymorph (4)
 O - a wand of flame (12)
Scrolls
 b - 2 scrolls of magic mapping {unknown}
 g - a scroll of enchant armour {unknown}
 h - 3 scrolls of torment {unknown}
 j - 8 scrolls of identify
 k - a scroll of blinking {unknown}
 n - 2 scrolls of silence {unknown}
 w - 3 scrolls of amnesia {unknown}
 x - 3 scrolls of vulnerability {unknown}
 y - 2 scrolls of teleportation {unknown}
 H - 2 scrolls of immolation {unknown}
 N - a scroll of poison {unknown}
Potions
 i - a potion of ambrosia {unknown}
 o - 2 potions of curing {unknown}
 s - a potion of attraction {unknown}
 u - a potion of berserk rage {unknown}
 A - a potion of resistance {unknown}
 C - 2 potions of haste
 E - 3 potions of brilliance
 G - 3 potions of lignification {unknown}


   Skills:
 - Level 5.0 Fighting
 + Level 6.4 Axes
 + Level 7.6 Armour
 + Level 9.3 Shields
 - Level 5.0 Spellcasting
 + Level 5.4 Translocations
 + Level 7.3 Earth Magic


You had 19 spell levels left.
You didn't know any spells.
Your spell library contained the following spells:

 Spells                   Type           Power      Damage    Failure   Level
 Necrotise                Necr           8%         1d4       86%         1
 Poisonous Vapours        Pois/Air       4%         N/A       95%         2
 Vampiric Draining        Necr           2%         2d6       99%         3
 Olgreb's Toxic Radiance  Pois           2%         N/A       100%        4
 Agony                    Necr           2%         N/A       100%        5
 Dispersal                Tloc           5%         N/A       100%        6
 Borgnjor's Revivificati  Necr           1%         N/A       100%        8
 Disjunction              Tloc           5%         N/A       100%        8
 Necromutation            Tmut/Necr      1%         N/A       100%        8
 Death's Door             Necr           1%         N/A       100%        9


Dungeon Overview and Level Annotations

Branches:
Dungeon (8/15)             Temple (1/1) D:5
   Lair: D:8-11

Altars:
Ashenzari
Cheibriados
Dithmenos
Elyvilon
Fedhas
Gozag
Hepliaklqana
Kikubaaqudgha
Makhleb
Nemelex Xobeh
Okawaru
Qazlal
Sif Muna
Trog
Uskayaw
Vehumet
Wu Jian
Xom
Yredelemnul
Zin
The Shining One

Shops:
D:3 [   D:4 =   D:8 (


Innate Abilities, Weirdness & Mutations

You cannot be hasted, slowed, berserked, paralysed or teleported.
You can dig through walls and to a lower floor.
You have a pair of large antennae on your head. (SInv)
Your four strong arms can wield two-handed weapons with a shield.
[Armour fits poorly on your strangely shaped body.]


Message History

The raiju is heavily wounded.
The raiju bursts into living lightning!
The living lightning hits you!
The raiju blinks!
You slash the raiju!
The raiju is severely wounded.
The raiju bursts into living lightning!
The living lightning hits you!
* * * LOW HITPOINT WARNING * * *
The raiju blinks!
You block the raiju's attack.
You barely miss the raiju.
The raiju is severely wounded.
The raiju bursts into living lightning!
The living lightning misses you.
The raiju blinks!
You slash the raiju!
You kill the raiju!
You now have 734 gold pieces (gained 6).
As you read the scroll labelled LEGIAQOTUS, it crumbles to dust.
It is a scroll of identify.
E - 3 potions of brilliance You feel much better.
A wretched star comes into view.
A large abomination comes into view.
The wretched star pulses with an eldritch light!
Your body twists and deforms.
Unknown command.
You extend your mandibles.
You dig through the rock wall.
You feel drained.
You dig through the rock wall.
You feel drained.
You retract your mandibles.
You extend your mandibles.
You dig through the rock wall.
You feel drained.
You retract your mandibles.
The large abomination hits you!!
You hit the large abomination but do no damage.
The large abomination hits you!!
You slash the large abomination!
The large abomination is lightly damaged.
The large abomination hits you!!
You die...
Your body crumbles into a pile of gold.

## #.
#.###.###
#.......#
#. ##.#.#
#.#.#
#.#@#
#.#X# {
#.#.# #
#.####
#.#....
####.# #.
# # ..#.#
..##


You could see a large abomination.

Vanquished Creatures
  Pikel (D:7)
  A raiju (Abyss:1)
  A flying skull (Abyss:1)
  The ghost of ripuliukko the Magician, an amateur DEEE (D:5)
  A wraith (D:5)
  6 yaks (D:8)
  A steam dragon (D:7)
  2 water moccasins (D:7)
  Duvessa (D:7)
  An orc warrior (D:7)
  2 black bears
  The ghost of crabbadon the Trooper, an amateur DsAK of Lugonu (D:3)
  4 ogres
  2 centaurs
  4 phantoms
  A kobold brigand (D:6)
  A bullfrog (D:6)
  A gnoll sergeant (D:7)
  A necrophage (D:4)
  5 scorpions
  6 wights
  2 vampire bats (D:3)
  2 small abominations (Abyss:1)
  3 orc priests
  A gnoll bouda (D:8)
  A jelly (Abyss:1)
  An iguana (D:5)
  2 orc wizards
  A hound skeleton (D:4)
  11 adders
  11 gnolls
  2 white imps (D:6)
  3 worms (D:2)
  5 dart slugs
  13 orcs
  14 bats
  7 endoplasms
  A giant cockroach (D:2)
  4 goblins
  11 hobgoblins
  3 jackals (D:2)
  12 kobolds
  5 quokkas
  7 ball pythons
  7 frilled lizards
  8 rats
181 creatures vanquished.

Vanquished Creatures (others)
  Dowan (D:7)
  2 foxfires (Abyss:1)
  A lurking horror (Abyss:1)
  6 plants (D:6)
10 creatures vanquished.

Grand Total: 191 creatures vanquished

Notes
Turn   | Place    | Note
-------+----------+-------------------------------------------
     0 | D:1      | Descartes the Formicid Fighter began the quest for the Orb.
     0 | D:1      | Reached XP level 1. HP: 18/18 MP: 1/1
   149 | D:1      | Reached XP level 2. HP: 24/24 MP: 2/2
   401 | D:1      | Reached XP level 3. HP: 29/29 MP: 3/3
   403 | D:1      | Reached skill level 1 in Earth Magic
   471 | D:1      | You fall into a shaft and drop 1 floor!
   745 | D:2      | Reached skill level 1 in Spellcasting
   745 | D:2      | Reached XP level 4. HP: 28/36 MP: 5/5
  1757 | D:3      | Reached skill level 1 in Translocations
  1941 | D:3      | Found a large runed translucent door.
  1941 | D:3      | Found a large runed translucent door.
  2007 | D:3      | Reached XP level 5. HP: 42/42 MP: 6/6
  2228 | D:3      | Found Buogef's Antique Armour Shoppe.
  2495 | D:3      | Reached XP level 6. HP: 48/48 MP: 8/8
  2499 | D:3      | Reached skill level 5 in Shields
  2736 | D:3      | Noticed crabbadon's ghost (amateur DsAK)
  2750 | D:3      | Killed crabbadon's ghost
  2955 | D:1      | Found a faded altar of an unknown god.
  3160 | D:1      | Reached XP level 7. HP: 54/54 MP: 10/10
  3594 | D:4      | Found Nobenej's Jewellery Shop.
  3948 | D:4      | Found a burning altar of Makhleb.
  4043 | D:5      | Entered Level 5 of the Dungeon
  4048 | D:5      | Reached XP level 8. HP: 58/61 MP: 12/12
  4143 | D:5      | Found a staircase to the Ecumenical Temple.
  4154 | Temple   | Entered the Ecumenical Temple
  4163 | Temple   | Became a worshipper of Gozag Ym Sagoz the Greedy
  4186 | D:5      | Reached skill level 6 in Shields
  4189 | D:5      | Reached skill level 5 in Armour
  4281 | D:5      | Found a runed translucent gate.
  4281 | D:5      | Found a runed translucent gate.
  4281 | D:5      | Found a runed translucent gate.
  4282 | D:5      | Noticed ripuliukko's ghost (amateur DEEE)
  4506 | D:5      | Noticed a wraith
  4512 | D:5      | Reached skill level 5 in Fighting
  4523 | D:5      | Killed a wraith
  4805 | D:5      | Killed ripuliukko's ghost
  4806 | D:5      | Reached XP level 9. HP: 52/68 MP: 14/14
  5029 | D:6      | Reached skill level 7 in Shields
  5029 | D:6      | Reached skill level 5 in Earth Magic
  5414 | D:6      | Found a glowing golden altar of the Shining One.
  5414 | D:6      | Found a radiant altar of Vehumet.
  5781 | D:7      | Reached skill level 5 in Axes
  5853 | D:7      | Got the Omnibus of Poisoning
  6179 | D:7      | Noticed Pikel
  6198 | D:7      | Killed Pikel
  6199 | D:7      | Reached skill level 8 in Shields
  6199 | D:7      | Reached skill level 5 in Spellcasting
  6199 | D:7      | Reached XP level 10. HP: 39/74 MP: 17/17
  6221 | D:7      | Killed Dowan
  6264 | D:7      | Noticed Duvessa
  6333 | D:7      | Killed Duvessa
  6750 | D:7      | Found a snail-covered altar of Cheibriados.
  6750 | D:7      | Found an ornate altar of the Wu Jian Council.
  6750 | D:7      | Found a blossoming altar of Fedhas.
  6819 | D:8      | HP: 1/69 [yak (12)]
  6828 | D:8      | Reached skill level 5 in Translocations
  6877 | D:8      | Reached skill level 9 in Shields
  7050 | D:8      | Found Mutaf's Weapon Emporium.
  7106 | Abyss:1  | Cast into level 1 of the Abyss (orc warrior)
  7129 | Abyss:1  | Noticed a will-o-the-wisp
  7260 | Abyss:1  | Noticed a rakshasa
  7345 | Abyss:1  | Noticed a wretched star
  7383 | Abyss:1  | Slain by a large abomination

Illustrated notes

Levels and vault maps discovered:
D:1:      minmay_arrival_three_doors, layout_loops_ring,
          ebering_ecumenical_altar_sacrificial
D:2:      minmay_razor_zed, layout_basic
D:3:      layout_basic, ebering_ghost_disaster_area, serial_shops,
          nicolae_shop_hallway_plus, st_stairs_11, minmay_misc_feat_pillars,
          roderic_batcave
D:4:      layout_loops_ring, makhleb_blood_cavern_becter, serial_shops,
          nicolae_shop_waterfront, grunt_decor_one_mirror, hangedman_decor_push,
          minmay_misc_feat_more_columns
D:5:      kennysheep_big_flooded_room, layout_loops_ring,
          minmay_temple_entry_mini_moons, gammafunk_ghost_split
D:6:      layout_basic, gammafunk_temple_overflow_wave, lexackson_kobold_supper
D:7:      layout_basic, gammafunk_temple_overflow_forgotten,
          lemuel_flamethrower_2, uniq_duvessa, uniq_pikel
D:8:      layout_cave_pools, serial_shops, shop_fountains, lightli_minifort
Temple:   minmay_freezing_vapour_temple
Abyss:1:  base:
D:1

Skill      XL: |  1  2  3  4  5  6  7  8  9 10 |
---------------+-------------------------------+-----
Earth Magic    | 1 2 3 4 6 7 |  7.3
Spellcasting   | 1 2 3 5 |  5.0
Translocations | 1 2 3 4 5 |  5.4
Fighting       | 4 5 |  5.0
Armour         | 4 5 6 7 |  7.6
Axes           | 3 4 5 6 |  6.4
Shields        | 5 6 8 9 |  9.3

Action                   |  1- 3 |  4- 6 |  7- 9 | 10-12 || total
-------------------------+-------+-------+-------+-------++-------
Melee: War axe           |    80 |   154 |   294 |   189 ||   717
Invok: Potion Petition   |       |       |       |     1 ||     1
 Abil: Dig               |       |       |       |     4 ||     4
  Use: Potion            |       |       |       |     4 ||     4
       Scroll            |       |       |       |     1 ||     1
 Stab: Distracted        |       |       |       |     1 ||     1
Armor: Chain mail        |    61 |   122 |   177 |   117 ||   477
Dodge: Dodged            |    28 |    66 |   105 |    66 ||   265
Block: Buckler           |     8 |    48 |    86 |    50 ||   192
